 Dungeon Crawl Stone Soup version 0.30.0-16-gbe6223bb7e (webtiles) character file.

Game seed: 4513073672321946621

249 Sabo the Trooper (level 6, -3/38 HPs)
             Began as a Gargoyle Monk on May 20, 2023.
             Slain by an ogre
             ... wielding a +0 giant spiked club
              (8 damage)
             ... on level 4 of the Dungeon.
             The game lasted 00:15:37 (3202 turns).

Sabo the Trooper (Gargoyle Monk)                    Turns: 3202, Time: 00:15:38

Health: -3/38      AC: 10    Str: 17    XL:     6   Next: 12%
Magic:  6/6        EV:  8    Int: 10    God:
Gold:   228        SH:  0    Dex: 12    Spells: 5/5 levels left

rFire   . . .        m - +2 sling (drain)
rCold   . . .        d - orb {light}
rNeg    + . .        f - +0 chain mail
rPois   ∞            (no helmet)
rElec   +            a - +0 cloak
rCorr   .            (no gloves)
SInv    .            (no boots)
Will    .....        (no amulet) Stlth
                     (no ring)
HPRegen 0.26/turn    (no ring)
MPRegen 0.10/turn

%: no passive effects
@: corroded, glowing
A: sickness immunity, AC +4, negative energy resistance 1, electricity
resistance, torment resistance 1, petrification resistance
a: no special abilities


You were on level 4 of the Dungeon.
You visited 1 branch of the dungeon, and saw 4 of its levels.

You collected 228 gold pieces.

Inventory:

Hand Weapons
 g - a +1 spear of freezing
 m - a +2 sling of draining (weapon)
 q - a +2 mace of protection
Missiles
 e - 5 poisoned darts
Armour
 a - a +0 cloak (worn)
 d - an orb of light (worn)
 f - a +0 chain mail (worn)
Scrolls
 b - a scroll of acquirement {unknown}
 c - a scroll of teleportation {unknown}
 h - a scroll of fear {unknown}
 k - 2 scrolls of identify {unknown}
 o - a scroll of immolation {unknown}
Potions
 i - a potion of magic {unknown}
 j - 2 potions of attraction {unknown}
 l - a potion of heal wounds {unknown}
 n - a potion of might {unknown}
 p - a potion of lignification {unknown}


   Skills:
 + Level 3.9 Fighting
 + Level 3.5 Maces & Flails
 + Level 2.5 Polearms
 + Level 2.7 Ranged Weapons
 + Level 1.5 Armour
 + Level 3.0 Dodging
 + Level 0.4 Stealth


You had 5 spell levels left.
You didn't know any spells.
Your spell library contained the following spells:

 Spells                   Type           Power      Damage    Failure   Level
 Blade Hands              Tmut           0%         N/A       100%        5
 Irradiate                Conj/Tmut      0%         3d11      100%        5
 Dragon Form              Tmut           0%         N/A       100%        7


Dungeon Overview and Level Annotations

Branches:
Dungeon (4/15)
 Temple: D:4-7

Altars:
Cheibriados
Elyvilon
Sif Muna


Innate Abilities, Weirdness & Mutations

You are immune to sickness and miasma.
Your stone body is resilient. (AC +4)
You are immune to poison.
You resist negative energy. (rN+)
You are resistant to electric shocks. (rElec)
You are resistant to unholy torment.
You are immune to petrification.


Message History

The phantom barely misses you.
You have reached level 6!
You shoot a sling bullet. The sling bullet hits the phantom.
The phantom is lightly damaged.
The phantom hits you.
The phantom hits you but does no damage.
You shoot a sling bullet.
The sling bullet hits the phantom but does no damage.
The phantom is lightly damaged.
The phantom hits you.
The phantom blinks!
You blink.
A jelly and a quokka come into view.
Found a white marble altar of Elyvilon.
You shoot a sling bullet.
The sling bullet barely misses the phantom.
The phantom hits you.
The phantom blinks!
You blink.
An ufetubus comes into view.
The phantom misses you. The jelly hits you. The acid corrodes you!
You are splashed with acid.
The ufetubus moves out of view.
You shoot a sling bullet.
The sling bullet hits the jelly but does no damage.
You drain the jelly.
The jelly is lightly wounded.
The phantom hits you.
The phantom blinks!
You blink.
The ogre closely misses you. The phantom hits you.
You shoot a sling bullet. The sling bullet hits the ogre.
You drain the ogre.
The ogre is heavily wounded.
The ogre hits you with a +0 giant spiked club!
* * * LOW HITPOINT WARNING * * *
The phantom hits you but does no damage.
You shoot a sling bullet.
The sling bullet hits the ogre but does no damage.
The ogre is heavily wounded.
The phantom hits you but does no damage.
The ogre barely misses you. The phantom hits you.
* * * LOW HITPOINT WARNING * * *
The phantom blinks!
You blink.
You shoot a sling bullet. The sling bullet hits the ogre.
The ogre is heavily wounded.
The ogre hits you with a +0 giant spiked club!
You die...

#...#.#...# #.....#
#.##J..## # #.
.r_....
.##.##...##.#
...#..... #
#...#.#...#
#.##.5##.##..#
#......@W...##
######.O...## ######
#§###.# #....#
#.....# #.##.#
#)##### #.##.# #.#
#.##.# #.# #.##.#
##.## #.##.####
#...########.##.....


You could see an ogre (drained), a phantom and an ufetubus.

Vanquished Creatures
  2 hounds
  2 sleepcaps (D:4)
  6 adders
  2 ufetubi (D:4)
  A worm (D:2)
  A dart slug (D:2)
  3 orcs
  5 endoplasms
  2 giant cockroaches
  8 goblins
  12 hobgoblins
  2 jackals (D:2)
  2 kobolds (D:2)
  3 quokkas
  5 ball pythons
  4 bats
  2 frilled lizards (D:1)
  3 rats
65 creatures vanquished.

Notes
Turn   | Place    | Note
-------+----------+-------------------------------------------
     0 | D:1      | Sabo the Gargoyle Monk began the quest for the Orb.
     0 | D:1      | Reached XP level 1. HP: 14/14 MP: 1/1
   573 | D:1      | Reached XP level 2. HP: 11/19 MP: 2/2
   977 | D:2      | Reached skill level 1 in Polearms
   977 | D:2      | Reached XP level 3. HP: 21/24 MP: 3/3
  1112 | D:2      | Reached XP level 4. HP: 22/29 MP: 4/4
  2156 | D:3      | Reached skill level 1 in Armour
  2270 | D:3      | Found a faded altar of an unknown god.
  2330 | D:3      | Found a shimmering blue altar of Sif Muna.
  2427 | D:3      | Reached XP level 5. HP: 30/33 MP: 5/5
  2797 | D:3      | Found a snail-covered altar of Cheibriados.
  2959 | D:3      | Reached skill level 1 in Ranged Weapons
  3190 | D:4      | Noticed a phantom
  3191 | D:4      | Noticed an ogre
  3195 | D:4      | Reached XP level 6. HP: 37/38 MP: 6/6
  3196 | D:4      | Found a white marble altar of Elyvilon.
  3202 | D:4      | Slain by an ogre

Illustrated notes

Levels and vault maps discovered:
D:1:      matt_arrival_los_fun, layout_basic, chequers_garden,
          minmay_indecisive_spiral
D:2:      layout_basic, item_on_display_a
D:3:      layout_loops_cross, nicolae_sif_muna_condensation,
          mainiacjoe_overflow_24_doors, basic_ecumenical_altar,
          minmay_misc_feat_more_columns
D:4:      layout_loops_ring, mainiacjoe_overflow_small_starburst

Skill      XL: |  1  2  3  4  5 |
---------------+----------------+-----
Polearms       | 1 2 |  2.5
Armour         | 1 |  1.5
Dodging        | 3 |  3.0
Ranged Weapons | 2 |  2.7
Fighting       | |  3.9
Maces & Flails | |  3.5
Stealth        | |  0.4

Action                     |  1- 3 |  4- 6 || total
---------------------------+-------+-------++-------
  Melee: Spear             |    60 |    39 ||    99
         Mace              |     8 |       ||     8
   Fire: Sling             |       |    83 ||    83
 Armour: Chain mail        |    45 |    83 ||   128
         Robe              |     2 |       ||     2
  Dodge: Dodged            |    33 |    83 ||   116
